 Dungeon Crawl Stone Soup version 0.30.1-4-g462c640d31 (webtiles) character file.

Game seed: 4272674498778474148

1031 Djon the Covered (level 8, -1/58 HPs)
             Began as a Gnoll Wanderer on Aug 22, 2023.
             Killed from afar by an orc (2 damage)
             ... with a puff of flame
             ... on level 5 of the Dungeon.
             The game lasted 00:09:05 (5608 turns).

Djon the Covered (Gnoll Wanderer)                   Turns: 5608, Time: 00:09:05

Health: -1/58      AC: 11    Str: 11    XL:     8   Next: 23%
Magic:  12/12      EV: 10    Int: 13    God:
Gold:   279        SH:  0    Dex: 13    Spells: 13/13 levels left

rFire   + . .        v - +0 trident
rCold   . . .        (no shield)
rNeg    . . .        d - +0 scale mail
rPois   .            m - +2 helmet
rElec   .            (no cloak)
rCorr   .            (no gloves)
SInv    .            (no boots)
Will    .....        (no amulet)
Stlth   +            r - ring of protection from fire
HPRegen 0.29/turn    (no ring)
MPRegen 0.13/turn

%: no passive effects
@: no status effects
A: fangs 1, strong nose, distributed training
a: no special abilities


You were on level 5 of the Dungeon.
You visited 1 branch of the dungeon, and saw 5 of its levels.

You collected 279 gold pieces.

Inventory:

Hand Weapons
 a - a +0 falchion
 v - a +0 trident (weapon)
 z - a +1 flail of protection
Missiles
 p - 4 curare-tipped darts (quivered)
 u - 4 javelins
Armour
 d - a +0 scale mail (worn)
 m - a +2 helmet (worn)
Magical Staves
 f - a staff of air
 w - a staff of conjuration
Jewellery
 l - a ring of flight
 r - a ring of protection from fire (left hand)
Wands
 t - a wand of paralysis (1)
Scrolls
 b - a scroll of blinking
 h - 7 scrolls of identify
 i - 2 scrolls of noise
 k - a scroll of immolation
 q - a scroll of amnesia
 y - 5 scrolls of teleportation
 A - a scroll of enchant armour {unknown}
 B - a scroll of magic mapping {unknown}
Potions
 c - a potion of ambrosia {unknown}
 e - 2 potions of brilliance
 g - a potion of lignification {unknown}
 n - 2 potions of berserk rage {unknown}
 o - a potion of flight {unknown}
 s - 3 potions of attraction {unknown}
 x - a potion of might {unknown}


   Skills:
 + Level 3.2 Fighting
 + Level 3.2 Short Blades
 + Level 5.6 Long Blades
 + Level 3.2 Axes
 + Level 3.2 Maces & Flails
 + Level 3.2 Polearms
 + Level 3.2 Staves
 + Level 3.2 Ranged Weapons
 + Level 4.1 Throwing
 + Level 7.3 Armour
 + Level 3.2 Dodging
 + Level 4.0 Stealth
 + Level 3.2 Shields
 + Level 5.6 Unarmed Combat
 + Level 3.2 Spellcasting
 + Level 2.6 Conjurations
 + Level 2.6 Hexes
 + Level 2.6 Summonings
 + Level 2.6 Necromancy
 + Level 2.6 Translocations
 + Level 2.6 Transmutations
 + Level 2.6 Fire Magic
 + Level 2.6 Ice Magic
 + Level 2.6 Air Magic
 + Level 2.6 Earth Magic
 + Level 2.6 Poison Magic
 + Level 3.5 Invocations
 + Level 4.1 Evocations


You had 13 spell levels left.
You didn't know any spells.
Your spell library contained the following spells:

 Spells                   Type           Power      Damage    Failure   Level
 Dazzling Flash           Conj/Hex       16%        N/A       71%         3
 Ozocubu's Armour         Ice            8%         N/A       71%         3
 Volatile Blastmotes      Fire/Tloc      16%        2d11      71%         3
 Iskenderun's Mystic Bla  Conj/Tloc      8%         2d4       98%         4
 Starburst                Conj/Fire      4%         6d3       100%        6
 Ozocubu's Refrigeration  Ice            4%         4d8       100%        7


Dungeon Overview and Level Annotations

Branches:
Dungeon (5/15)
 Temple: D:4-7

Altars:
Cheibriados
Trog


Innate Abilities, Weirdness & Mutations

You have very sharp teeth.
Your uncanny sense of smell can sniff out nearby items.
Your experience applies equally to all skills.


Message History

The orc hits you with a +0 club.
* * * LOW HITPOINT WARNING * * *
The orc hits you but does no damage. The worm bites you.
* * * LOW HITPOINT WARNING * * *
The orc hits you with a +0 club.
* * * LOW HITPOINT WARNING * * *
The orc barely misses you.
You hit the orc but do no damage.
The orc is heavily wounded.
The orc hits you with a +0 club.
* * * LOW HITPOINT WARNING * * *
The worm bites you.
* * * LOW HITPOINT WARNING * * *
The orc hits you but does no damage.
You feel better. The orc closely misses you. The orc completely misses you.
Aiming: Paralyse
Press: ? - help, Shift-Dir - straight line, f - orc
Aim: an orc, wielding a +0 hand axe and wearing a +0 leather armour (chance to affect: 75%)
The orc suddenly stops moving!
The worm bites you but does no damage.
The orc zaps a wand.
The puff of flame hits you. You resist.
* * * LOW HITPOINT WARNING * * *
The helpless orc fails to defend itself.
You puncture the orc!
You kill the orc!
The orc hits you but does no damage. The worm bites you but does no damage.
You closely miss the orc.
The orc is heavily wounded.
The orc hits you but does no damage.
You barely miss the orc.
The orc is heavily wounded.
The worm bites you!
* * * LOW HITPOINT WARNING * * *
The orc closely misses you.
You hit the orc but do no damage. You bite the orc, but do no damage.
The orc is heavily wounded.
The orc closely misses you. The worm bites you but does no damage.
You barely miss the orc. Your bite misses the orc.
The orc is heavily wounded.
The orc zaps a wand.
The puff of flame hits you. You resist.
You die...

#....#... ...... #....#...
..... #....#... .. ####'###
.... #....#... ...#......#
... #....#...
...#......#####.. #....#...
...'............. #....#...
#.........wo########....#...
#.........)@#...........#...
#...........#...........#...
#...........'....)......#...
#..........###.###.....#####
#..........# #.# #.....#....
#..........# #.# ###...#....
#..........###.#####'###....
#..........#.....##.........
#..........#.....##.........


You could see a worm and an orc.

Vanquished Creatures
  Sigmund (D:4)
  An ice beast (D:5)
  A black bear (D:5)
  An ogre (D:5)
  A bullfrog (D:3)
  A centaur zombie (D:5)
  A gnoll bouda (D:4)
  A hound (D:4)
  An orc priest (D:3)
  A jelly (D:4)
  A sleepcap (D:4)
  A hound zombie (D:5)
  12 gnolls
  10 adders
  2 ufetubi (D:5)
  2 worms
  3 dart slugs
  11 orcs
  8 endoplasms
  2 giant cockroaches
  8 goblins
  11 hobgoblins
  10 jackals
  6 kobolds
  4 quokkas
  9 ball pythons
  4 bats
  5 frilled lizards
  2 rats
121 creatures vanquished.

Notes
Turn   | Place    | Note
-------+----------+-------------------------------------------
     0 | D:1      | Djon the Gnoll Wanderer began the quest for the Orb.
     0 | D:1      | Djon set off with the following items: a +0 falchion, a
                  | scroll of blinking, a potion of heal wounds, a +0 scale
                  | mail, a potion of brilliance.
     0 | D:1      | Reached XP level 1. HP: 13/13 MP: 1/1
    45 | D:1      | Reached XP level 2. HP: 17/19 MP: 2/2
   365 | D:1      | Reached XP level 3. HP: 22/25 MP: 3/3
   666 | D:2      | Reached skill level 1 in Invocations
   732 | D:2      | Reached skill level 1 in Fighting
   732 | D:2      | Reached skill level 1 in Short Blades
   732 | D:2      | Reached skill level 1 in Axes
   732 | D:2      | Reached skill level 1 in Maces & Flails
   732 | D:2      | Reached skill level 1 in Polearms
   732 | D:2      | Reached skill level 1 in Staves
   732 | D:2      | Reached skill level 1 in Ranged Weapons
   732 | D:2      | Reached skill level 1 in Dodging
   732 | D:2      | Reached skill level 1 in Shields
   732 | D:2      | Reached skill level 1 in Spellcasting
   856 | D:2      | Reached XP level 4. HP: 28/32 MP: 5/5
   872 | D:2      | Reached skill level 1 in Conjurations
   872 | D:2      | Reached skill level 1 in Hexes
   872 | D:2      | Reached skill level 1 in Summonings
   872 | D:2      | Reached skill level 1 in Necromancy
   872 | D:2      | Reached skill level 1 in Translocations
   872 | D:2      | Reached skill level 1 in Transmutations
   872 | D:2      | Reached skill level 1 in Fire Magic
   872 | D:2      | Reached skill level 1 in Ice Magic
   872 | D:2      | Reached skill level 1 in Air Magic
   872 | D:2      | Reached skill level 1 in Earth Magic
   872 | D:2      | Reached skill level 1 in Poison Magic
  1288 | D:2      | Reached XP level 5. HP: 26/37 MP: 7/7
  1927 | D:3      | Found a snail-covered altar of Cheibriados.
  2755 | D:3      | Reached skill level 5 in Long Blades
  2755 | D:3      | Reached skill level 5 in Unarmed Combat
  2755 | D:3      | Reached XP level 6. HP: 7/44 MP: 8/8
  3321 | D:4      | Noticed Sigmund
  3361 | D:4      | Killed Sigmund
  3362 | D:4      | Reached skill level 7 in Armour
  3362 | D:4      | Reached XP level 7. HP: 28/51 MP: 10/10
  4056 | D:5      | Entered Level 5 of the Dungeon
  4764 | D:5      | Found a bloodstained altar of Trog.
  4920 | D:5      | Reached XP level 8. HP: 34/58 MP: 12/12
  5601 | D:5      | HP: 1/58 [worm (6)]
  5606 | D:5      | HP: 1/58 [worm (8)]
  5608 | D:5      | Killed from afar by an orc

Illustrated notes

Levels and vault maps discovered:
D:1:      amcnicky_arrival_wind_blow, layout_basic, item_on_display_a
D:2:      layout_loops_ring, chequers_serial_rivers_micro_d
D:3:      layout_basic, mainiacjoe_overflow_boulevard
D:4:      layout_rooms, kennysheep_small_square, uniq_sigmund
D:5:      layout_gridville, lemuel_doored_altar,
          lemuel_zombie_altar_yredelemnul, cheibrodos_sewer_entry_bend

Skill      XL: |  1  2  3  4  5  6  7  8 |
---------------+-------------------------+-----
Invocations    | 1 2 3 |  3.5
Fighting       | 1 2 3 |  3.2
Short Blades   | 1 2 3 |  3.2
Axes           | 1 2 3 |  3.2
Maces & Flails | 1 2 3 |  3.2
Polearms       | 1 2 3 |  3.2
Staves         | 1 2 3 |  3.2
Ranged Weapons | 1 2 3 |  3.2
Dodging        | 1 2 3 |  3.2
Shields        | 1 2 3 |  3.2
Spellcasting   | 1 2 3 |  3.2
Conjurations   | 1 2 |  2.6
Hexes          | 1 2 |  2.6
Summonings     | 1 2 |  2.6
Necromancy     | 1 2 |  2.6
Translocations | 1 2 |  2.6
Transmutations | 1 2 |  2.6
Fire Magic     | 1 2 |  2.6
Ice Magic      | 1 2 |  2.6
Air Magic      | 1 2 |  2.6
Earth Magic    | 1 2 |  2.6
Poison Magic   | 1 2 |  2.6
Throwing       | 3 4 |  4.1
Evocations     | 3 4 |  4.1
Long Blades    | 5 |  5.6
Stealth        | 3 4 |  4.0
Unarmed Combat | 5 |  5.6
Armour         | 7 |  7.3

Action                     |  1- 3 |  4- 6 |  7- 9 || total
---------------------------+-------+-------+-------++-------
  Melee: Falchion          |   107 |   103 |       ||   210
         Bite              |    11 |    30 |    29 ||    70
         Punch             |     2 |     9 |     6 ||    17
         Trident           |       |   190 |   250 ||   440
  Throw: Dart              |       |     4 |       ||     4
  Evoke: Wand              |       |     3 |     6 ||     9
    Use: Potion            |       |     1 |     1 ||     2
         Scroll            |       |       |     4 ||     4
   Stab: Paralysed         |       |     4 |     4 ||     8
 Armour: Scale mail        |    44 |   245 |   214 ||   503
  Dodge: Dodged            |    51 |   212 |   185 ||   448
